 Dungeon Crawl Stone Soup version 0.29-a0-542-g075992c915 (webtiles) character file.

Game seed: 2600837579649328554

7 YayAnonymity the Skirmisher (level 2, -2/25 HPs)
             Began as a Barachi Fighter on June 5, 2022.
             Slain by a ball python (3 damage)
             ... on level 1 of the Dungeon.
             The game lasted 00:00:26 (49 turns).

YayAnonymity the Skirmisher (Barachi Fighter)         Turns: 49, Time: 00:00:27

Health: -2/25      AC:  6    Str: 17    XL:     2   Next: 4%
Magic:  2/2        EV:  6    Int:  8    God:
Gold:   0          SH:  4    Dex: 11    Spells: 1/1 levels left

rFire   . . .      SeeInvis .   a - +0 long sword
rCold   . . .      Faith    .   c - +0 buckler
rNeg    . . .      Spirit   .   b - +0 scale mail
rPois   .          Reflect  .   (no helmet)
rElec   .          Harm     .   (no cloak)
rCorr   .          Rampage  .   (no gloves)
Will    .....                   (no boots)
Stlth   ..........              (no amulet)
HPRegen 0.08/turn               (no ring)
MPRegen 0.08/turn               (no ring)

@: mighty, constricted, slow
A: amphibious, slowness 1, strong legs 1, +LOS
a: Hop


You were on level 1 of the Dungeon.
You visited 1 branch of the dungeon, and saw 1 of its levels.

Inventory:

Hand Weapons
 a - a +0 long sword (weapon)
Armour
 b - a +0 scale mail (worn)
 c - a +0 buckler (worn)
Potions
 e - a potion of curing {unknown}


   Skills:
 + Level 3.8 Fighting
 * Level 2.9 Long Blades
 - Level 3.6 Armour
 + Level 3.4 Shields


You had one spell level left.
You didn't know any spells.
Your spell library was empty.

Dungeon Overview and Level Annotations

Branches:
Dungeon (1/15)

Altars:


Innate Abilities, Weirdness & Mutations

You are amphibious.
You cover ground slowly.
You can hop short distances.
You have an extended range of vision and can be seen from far away.


Message History

You hit the jackal.
You kill the jackal!
The jackal bites you but does no damage.
You closely miss the jackal. The jackal barely misses you.
You block the jackal's attack.
You closely miss the jackal. The jackal barely misses you.
The jackal bites you but does no damage.
You hit the jackal.
The jackal is moderately wounded.
You block the jackal's attack.
You barely miss the jackal.
The jackal is moderately wounded.
The jackal bites you but does no damage.
A goblin comes into view. It is wielding a +0 dagger.
The jackal barely misses you.
The goblin shouts!
You slash the jackal!
You kill the jackal!
The ball python barely misses you. The ball python grabs you.
The ball python constricts you. The goblin hits you but does no damage.
You closely miss the goblin.
The ball python bites you but does no damage.
The ball python constricts you. The goblin hits you with a +0 dagger.
* * * LOW HITPOINT WARNING * * *
You barely miss the goblin.
A ball python comes into view.
The ball python bites you but does no damage.
The ball python constricts you. The goblin hits you but does no damage.
The ball python bites you.
* * * LOW HITPOINT WARNING * * *
The ball python constricts you.
The ball python hisses angrily.
You slash the goblin!
You kill the goblin!
You block the ball python's attack. The ball python constricts you.
You have reached level 2!
You feel very mighty all of a sudden.
The jackal bites you but does no damage.
The ball python bites you.
You die...

. ...#.. .. ...#..#.#....#
..#.. .. . ..#..........##
...#..#. .#..#............#
...#.#.#.#.#.^.#..........
..#.#.#.#..##...........
... #.#...#.##......(......
.....#.....#g....†.........
#...<..h######.........
.....#....@#.g.g...........
.. #.#...#S##h............
..#.#.#.#g.##.........#.
...#.#.#.#.#...#...######
...#..#.#.#..#......# ..#..
..#..#..#.....# .#...#..
..#...#....# ...
...#...#......## ... #...
......#


You could see a jackal, 2 goblins and a ball python.

Vanquished Creatures
  A goblin (D:1)
  A hobgoblin (D:1)
  3 jackals (D:1)
  A rat (D:1)
6 creatures vanquished.

Notes
Turn   | Place    | Note
-------+----------+-------------------------------------------
     0 | D:1      | YayAnonymity the Barachi Fighter began the quest for the
                  | Orb.
     0 | D:1      | Reached XP level 1. HP: 18/18 MP: 1/1
    49 | D:1      | Reached XP level 2. HP: 1/25 MP: 2/2
    49 | D:1      | Slain by a ball python

Illustrated notes

Levels and vault maps discovered:
D:1:      minmay_arrival_radiant_lines, layout_rooms, dreamdust_wishing_well,
          minmay_domino_4

Action                   || total
-------------------------++-------
Melee: Long sword        ||    21
  Use: Potion            ||     1
Armor: Scale mail        ||    52
Dodge: Dodged            ||    26
Block: Buckler           ||    16

Table legend: (Time is in decaauts)
 A = Elapsed time spent in this place.
 B = Non-inter-level travel time spent in this place.
 C = Inter-level travel time spent in this place.
 D = Time resting spent in this place.
 E = Time spent auto-exploring this place.
 F = Levels seen in this place.
 G = Mean time per level.
                   A        B        C        D        E       F      G
               +--------+--------+--------+--------+--------+-----+--------+
         Total |     59 |     59 |      0 |      0 |     10 |   1 |   59.0 |
       Dungeon |     59 |     59 |      0 |      0 |     10 |   1 |   59.0 |
               +--------+--------+--------+--------+--------+-----+--------+

Top non-repeatable levels by time:
     D:1: 59 daAuts
